Cogmind - Beta 13 X1 @@@ ROGUE MODE // 2023.07.15 @ 15:19:01 Player: aoemica Result: Destroyed by 1O-QSO(R) with Subdweller Laser Performance ------------- Evolutions (0) 0 Regions Visited (2) 400 Robots Destroyed (27) 135 Value Destroyed (555) 555 Prototype IDs (0) 0 Alien Tech Used (0) 0 Bonus (0) 0 TOTAL SCORE: 1090 Bonus ------- None Cogmind --------- Core Integrity 0/250 Matter 233/300 Energy 250/250 System Corruption 0% Temperature Cool (6) Movement Treading (160) Location -10/Subcaves Parts ------- > --- POWER (1) -------- Ion Engine > --- PROPULSION (2) --- Light Treads Light Treads > --- UTILITY (2) ------ Large Storage Unit > --- WEAPON (2) ------- Assault Rifle Assault Rifle > --- INVENTORY (15) --- Aluminum Leg Wheel Wheel Flight Unit Flight Unit Signal Interpreter Assault Rifle Maul Peak State ------------ > --- POWER ------------ Ion Engine > --- PROPULSION ------- Light Treads Light Treads > --- UTILITY ---------- Heat Sink Large Storage Unit > --- WEAPON ----------- Assault Rifle Light Cannon > --- INVENTORY -------- Light Treads Aluminum Leg Wheel Wheel Flight Unit Signal Interpreter Assault Rifle Assault Rifle Maul [Rating: 8] Favorites ----------- Power Ion Engine Engine Ion Engine Propulsion Light Treads Treads Light Treads Leg Aluminum Leg Utility Heat Sink Device Heat Sink Storage Small Storage Unit Weapon Assault Rifle Energy Gun Small Laser Ballistic Gun Assault Rifle Ballistic Cannon Light Cannon Build | -11 -10 -10 ------- Run | Jun Mat Sub Slots Evolved . | . . . Power . | . . . Propulsion . | . . . Utility . | . . . Weapon . | . . . Parts Attached 10 | . 8 2 Power 1 | . 1 . Engine 1 | . 1 . Core . | . . . Reactor . | . . . Propulsion 4 | . 3 1 Treads 4 | . 3 1 Leg . | . . . Wheel . | . . . Hover . | . . . Flight . | . . . Utility 2 | . 2 . Device 1 | . 1 . Storage 1 | . 1 . Processor . | . . . Hackware . | . . . Protection . | . . . Artifact . | . . . Weapon 3 | . 2 1 Energy Gun . | . . . Energy Cannon . | . . . Ballistic Gun 2 | . 1 1 Ballistic Cannon 1 | . 1 . Launcher . | . . . Special Weapon . | . . . Impact Weapon . | . . . Slashing Weapon . | . . . Piercing Weapon . | . . . Special Melee Weapon . | . . . Unidentified Prototypes . | . . . Parts Lost 4 | . 1 3 Power 1 | . 1 . Propulsion 1 | . . 1 Utility 1 | . . 1 Weapon 1 | . . 1 Highest Loss Streak 3 | . 1 3 To Critical Strikes . | . . . Average Slot Usage (%) 98 | . 98 99 Engine 14 | . 14 14 Treads 19 | . 17 28 Leg 8 | . 9 . Device 13 | . 13 13 Storage 14 | . 14 14 Energy Gun 4 | . 5 . Ballistic Gun 14 | . 14 14 Ballistic Cannon 9 | . 8 13 Naked Turns . | . . . Heaviest Build 31 | 11 31 31 Greatest Support 40 | 20 40 40 Greatest Overweight (x) . | . . . Average Overweight (x) . | . . . Largest Inventory Capacity 15 | . 15 15 Average Capacity 11 | . 10 15 Most Carried 10 | . 10 10 Average Carried 7 | . 7 9 Final Capacity 15 | 8 15 15 Final Carried 10 | 6 10 8 Class Distribution -------------------- 100% | Mutant Dominant Class ---------------- Mutant | -10/Materials Mutant | -10/Subcaves Resources | -11 -10 -10 ----------- Run | Jun Mat Sub Matter Collected 687 | 200 455 32 Remotely . | . . . Salvage Created 744 | . 651 93 Parts 46 | . 42 4 Haulers Intercepted 2 | . 2 . Recyclers Shooed 3 | . 3 . Parts Field Recycled . | . . . Retrieved Matter . | . . . Parts Self-Destructed 6 | . . 6 Prevented . | . . . Kills | -11 -10 -10 ------- Run | Jun Mat Sub Combat Hostiles Destroyed 19 | . 16 3 Guns 15 | . 12 3 Cannons 4 | . 4 . Classes Destroyed 10 | . 8 2 Worker 1 | . 1 . Tunneler 1 | . 1 . Hauler 2 | . 2 . Recycler 1 | . 1 . Mechanic 1 | . 1 . Watcher 2 | . 2 . Swarmer 8 | . 8 . Grunt 8 | . 8 . Artisan 1 | . . 1 Subdweller 3 | . . 3 Best Kill Streak 7 | . 7 2 Combat Bots Only 4 | . 4 2 Max Kills in Single Turn 2 | . 2 1 Gunslinging 1 | . 1 . Exploded . | . . . Melee . | . . . Uniques/NPCs Destroyed . | . . . Combat | -11 -10 -10 -------- Run | Jun Mat Sub Damage Taken 1065 | . 703 362 Core 266 | . 183 83 Absorbed by Shields . | . . . Regen/Repaired (Parts) 108 | . 108 . Core Remaining (%) 100 | 100 . . Volleys Fired 98 | . 84 14 Largest 2 | . 2 2 Hottest 60 | . 60 55 Shots Fired 190 | . 162 28 Gun 148 | . 130 18 Cannon 42 | . 32 10 Launcher . | . . . Special . | . . . Kinetic 144 | . 116 28 Thermal 46 | . 46 . Explosive . | . . . Electromagnetic . | . . . Robot Hit Streak 14 | . 14 12 Robot Miss Streak 4 | . 4 2 Penetration Max . | . . . Secondary Targets 2 | . 1 1 Max Gunslinging Chain 1 | . 1 1 Shots Hit Robots 125 | . 101 24 Core Hits 42 | . 34 8 Critical Kills . | . . . Critical Parts Destroyed 1 | . 1 . Critical Strikes 1 | . 1 . Destroy 1 | . 1 . Melee Attacks . | . . . Impact . | . . . Slashing . | . . . Piercing . | . . . Sneak Attacks . | . . . Combat Hostiles . | . . . Follow-up Attacks . | . . . Damage Inflicted 1824 | . 1475 349 Guns 1220 | . 1035 185 Cannons 592 | . 431 161 Explosions . | . . . Melee . | . . . Ramming 12 | . 9 3 Kinetic 1479 | . 1133 346 Thermal 333 | . 333 . Explosive . | . . . Electromagnetic . | . . . Impact . | . . . Slashing . | . . . Piercing . | . . . Highest Corruption . | . . . Average Corruption . | . . . Corruption Purged . | . . . Corruption Blocked . | . . . Overload Shots . | . . . Overflow Damage . | . . . Projectiles . | . . . Explosions . | . . . Melee . | . . . Knockbacks 9 | . 8 1 Impact . | . . . Kinetic 8 | . 7 1 Secondary 1 | . 1 . Self-Inflicted Damage . | . . . Shots . | . . . Rammed 1 | . . 1 Targets Rammed 4 | . 3 1 Kicked 2 | . 2 . Crushed 1 | . 1 . Highest Temperature 36 | . 36 . Average Temperature 19 | . 19 . Received Heat Transfer 300 | . 210 90 Siege Activations . | . . . Robots Corrupted . | . . . Combat Hostiles . | . . . Parts Fried . | . . . Impact Corruptions . | . . . Robots Melted . | . . . Combat Hostiles . | . . . Parts Melted 1 | . . 1 Heat Transferred 725 | . 725 . Parts Sabotaged . | . . . Parts Stolen . | . . . Parts Stripped . | . . . Power Chain Reactions . | . . . Missiles Intercepted . | . . . Alert | -11 -10 -10 ------- Run | Jun Mat Sub Peak Influence 233 | . 233 . Initial . | . . . Average 125 | . 125 . Maximum Alert Level 1 | . 1 . Low Security (%) 90 | . 90 . Level 1 9 | . 9 . Level 2 . | . . . Level 3 . | . . . Level 4 . | . . . Level 5 . | . . . High Security . | . . . Max Security . | . . . Squads Dispatched 4 | . 4 . Investigation 2 | . 2 . Extermination . | . . . Reinforcement 2 | . 2 . Assault . | . . . Garrison . | . . . Intercept . | . . . Searches Triggered . | . . . Construction Impeded . | . . . Haulers Reinforced . | . . . Active Scanning Responses . | . . . Cargo Convoy Interrupts . | . . . Stealth | -11 -10 -10 --------- Run | Jun Mat Sub Distress Signals . | . . . Communications Jammed . | . . . Distress Signals . | . . . Times Spotted 31 | . 27 4 Peak Tracking Total 5 | . 5 3 Tactical Retreats 2 | . 2 . Traps | -11 -10 -10 ------- Run | Jun Mat Sub Traps Triggered 3 | . 3 . Indirectly . | . . . Trap Hack Attempts . | . . . Triggered . | . . . Disarmed . | . . . Reprogrammed . | . . . Reused . | . . . Traps Extracted . | . . . Installed . | . . . Triggered . | . . . Machines | -11 -10 -10 ---------- Run | Jun Mat Sub Machines Disabled 2 | . 2 . Max in Single Turn 1 | . 1 . Machines Repaired . | . . . Machines Sabotaged . | . . . Overloaded Fab Kills . | . . . Hacking | -11 -10 -10 --------- Run | Jun Mat Sub Machines Accessed 4 | . 4 . Terminals 3 | . 3 . Fabricators . | . . . Repair Stations 1 | . 1 . Recycling Units . | . . . Scanalyzers . | . . . Garrison Access . | . . . Total Hacks 8 | . 8 . Successful 5 | . 5 . Failed 3 | . 3 . Catastrophic 1 | . 1 . Database Lockouts . | . . . Manual 6 | . 6 . Terminals 6 | . 6 . Fabricators . | . . . Repair Stations 2 | . 2 . Recycling Units . | . . . Scanalyzers . | . . . Garrison Access . | . . . Terminal Hacks 2 | . 2 . Robot Analysis 2 | . 2 . Fabricator Hacks . | . . . Repair Station Hacks 2 | . 2 . Scan Component 1 | . 1 . Repair 1 | . 1 . Recycling Unit Hacks . | . . . Scanalyzer . | . . . Garrison Access Hacks . | . . . Unauthorized Hacks 1 | . 1 . Terminals 1 | . 1 . Botnet 1 | . 1 . Fabricators . | . . . Repair Stations . | . . . Recycling Units . | . . . Scanalyzers . | . . . Garrison Access . | . . . Data Cores Recovered . | . . . Used . | . . . Hacking Detections 3 | . 3 . Full Trace Events . | . . . Feedback Events . | . . . Feedback Blocked . | . . . Robot Schematics Acquired . | . . . Robots Built . | . . . Authchips . | . . . Time . | . . . Total Robot Build Rating . | . . . Part Schematics Acquired . | . . . Parts Built . | . . . Authchips . | . . . Time . | . . . Total Part Build Rating . | . . . Parts Repaired 1 | . 1 . Time 26 | . 26 . Parts Recycled . | . . . Recycled Matter . | . . . Retrieved Matter . | . . . Retrieved Components . | . . . Parts Scanalyzed . | . . . Part Schematics Acquired . | . . . Parts Damaged . | . . . Bothacking | -11 -10 -10 ------------ Run | Jun Mat Sub Used RIF Installer . | . . . Robots Hacked . | . . . Non-combat . | . . . Combat . | . . . Robot Hacks Applied . | . . . Relay Couplers Released . | . . . Fabnet Peak Effective % . | . . . Robots Rewired . | . . . Allies Hacked . | . . . Hacks Repelled . | . . . Allies | -11 -10 -10 -------- Run | Jun Mat Sub Total Allies . | . . . Largest Group . | . . . Highest-Rated Group . | . . . Highest-Rated Ally . | . . . Total Orders . | . . . Ally Attacks . | . . . Total Damage . | . . . Kills . | . . . Allies Corrupted . | . . . Allies Melted . | . . . Intel | -11 -10 -10 ------- Run | Jun Mat Sub Robot Analysis Total 2 | . 2 . Derelict Logs Recovered 1 | . . 1 Drone Launches . | . . . Drone Recoveries . | . . . Exploration | -11 -10 -10 ------------- Run | Jun Mat Sub Turns Passed 1618 | . 1313 305 Spaces Moved 819 | 1 657 161 Core . | . . . Treads 580 | . 419 161 Legs 239 | 1 238 . Wheels . | . . . Hover . | . . . Flight . | . . . Fastest Speed 120 | 120 120 160 Average Speed 148 | 120 145 160 Slowest Speed 160 | 120 160 160 Overloaded Moves . | . . . Propulsion Burnouts . | . . . Robots Hopped . | . . . Cave-ins Triggered . | . . . Exploration Rate (%) 35 | 2 94 11 Regions Visited 2 Branch Regions 1 Pre-discovered Areas 1 | . . 1 Known Exits Taken . | . . . Unknown Exits Taken 2 | 1 1 . Scrap Searched . | . . . Spaces Dug . | . . . Terrain Destroyed . | . . . Melee . | . . . Projectile . | . . . AOE . | . . . Terrain Rammed . | . . . Walls Destroyed . | . . . Machines Disabled . | . . . Actions | -11 -10 -10 --------- Run | Jun Mat Sub Total 1036 | . 855 181 Wait 94 | . 91 3 Move 817 | . 656 161 Hop . | . . . Pick Up 6 | . 6 . Fast Attach 4 | . 4 . Attach 3 | . 1 2 Detach 2 | . 2 . Swap 3 | . 3 . Drop 5 | . 5 . Fire 98 | . 84 14 Melee . | . . . Ram . | . . . Kick 2 | . 2 . Crush 2 | . 1 1 Escape Stasis . | . . . Rewire . | . . . Trap . | . . . Miscellaneous . | . . . Route ------- -11/Junkyard -10/Materials (discovered 5 exits: [*Mat x3] / [*Min] / [*Sub]) -10/Subcaves History --------- Turn | Location | Event 1 | -11/Junkyard | Discovered new exit (range 0) 1 | -11/Junkyard | Entered Materials 134 | -10/Materials | Discovered new exit (range 16) 289 | -10/Materials | Discovered new exit (range 14) 308 | -10/Materials | Build established: Mutant 444 | -10/Materials | Core integrity fell below 50% 459 | -10/Materials | Discovered new exit (range 8) 867 | -10/Materials | Discovered new exit (range 11) 986 | -10/Materials | Repaired Lgt. Treads 1262 | -10/Materials | Discovered new exit (range 11) 1314 | -10/Materials | Entered Subcaves 1339 | -10/Subcaves | Learned Materials security intel 1353 | -10/Subcaves | Learned location of Zion (-7) 1353 | -10/Subcaves | Met a Zionite searching for "candidates" 1399 | -10/Subcaves | A swath of the cavern ceiling suddenly collapsed 1399 | -10/Subcaves | Ambushed by angry Subdweller bent on revenge 1414 | -10/Subcaves | Core integrity fell below 20% 1586 | -10/Subcaves | Ambushed by Subdwellers from Twisted Machinery 1619 | -10/Subcaves | Destroyed by 1O-QSO(R) with Subdweller Laser Last Messages --------------- 01386_ 5B-C6K(u) cries out in pain. 01386_ 5B-C6K(u) destroyed. 01387_ Acquired 4 matter. 01389_ Acquired 3 matter. A swath of the cavern ceiling suddenly collapses. 01399_ JW-3HI(R) angrily emerges from the Twisted Machinery. 01399_ JW-3HI(R): "SUBMAD!" 01406_ JW-3HI(R) knocked back. 01418_ JW-3HI(R) destroyed. 01423_ Acquired 10 matter. 01425_ Acquired 9 matter. 01525_ Acquired 6 matter. 01604_ Lgt. Cannon destroyed. 01606_ Lgt. Treads destroyed. 01608_ Heat Sink destroyed. 01612_ Sub. Monowheel melted. 01612_ MZ-N0G(R) destroyed. 01612_ Switching to secondary target: 1O-QSO(R). 01616_ 1O-QSO(R) affixes Scrap Shield Fragment to Scrap Shield. 01618_ 7S-489(R) destroyed. Map ----- +----------------------------------------------------+ | ?????????????????????????????????????????????????? | | ?????????????????????????????????????????????????? | | ?????????????????????????????????????????????????? | | ?????????????????????????????????????????????????? | | ?????????????????????????????????????????????????? | | ?????????????????????????????????????????????????? | | ?????????????????????????????????????????????????? | | ?????????????????????????????????????????????????? | | ?????????????????????????????????????????????????? | | ?????????????????????????????????????????????????? | | ????????????????????????????????????????????????## | | ???????????????????????????????????????????????## | | ???????????????????????????????????????????????# | | ???????????????????????????????????????????????### | | ?????????????????????????##?????????????????????## | | ?????????????????????????#"?????????????????????# | | ?????????????????????????# ##???????????????????# | | ?????????????????##??????? !##???###????????????## | | ????????????????## #######%<##### ######????????? | | ???????????###### # #%## # # ####?????? | | ???????????# &&< # ##????? | | ???????????# % ! # ## #????? | | ?????????????# # ### ##???? | | ?????????????## ###%R ### # #???? | | ??????????????### ??#! ##?#### ##?##? | | ????????????????# ???#@ #?????# #?? ? | | ??????????????? ????## ######## ### ? | | ????????????? ??????## ##### ### ## ## | | ???????????? ???????#; #???# ## ### # | | ??????????? """"?????????## ##### # ## | | ???????????"""" #???????????# ## #####? | | ????????????????????????????# ### #### #? | | ????????????????????????????###?### ### ## | | ????????????????????????????????## ## # | | ????????????????????????????????# ###### % # | | ???????????????????????????????## ####?## # | | ???????????????????????????????# #??# ## | | ??????????????????????????????## # #??######## | | ??????????????????????????????# # #?????????? | | ?????????????????????"""??##### ######?????????? | | ????????????????????#"""""# # #?????????????? | | ????????????????????# #?????????????? | | ????????????????????# ##?????????????? | | ????????????????????# % #### ##?##???????????? | | ????????????????????# ##?## # ## #???????????? | | ????????????????????# ??## %% #???????????? | | ?????????????????????? ## % #???????????? | | ??????????????????? # #???????????? | | ????????????????????"" """ ### #???????????? | | ???????????????????#% " # ## #???????????? | +----------------------------------------------------+ Best States ------------- Heat Dissipation 35 Energy Generation 10 Energy Capacity 250 Matter Stores 300 Matter Capacity 300 Sight Range 16 Terrain Scan Density 10 Evasion (%) 55 Recoil Reduction 2 Item Schematics ----------------- None Robot Schematics ------------------ None Fabricated ------------ Nothing Alien Tech Used ----------------- None Achievements -------------- None Challenges ------------ None Game ------ Seed EtherialPointWeb Manual? 0 Play Time 00:07:58 Cumulative 912.0 hours Start 2023.07.15 @ 15:11:55 End 2023.07.15 @ 15:19:01 Sessions 1 Manual Loads 0 Difficulty Rogue Special Mode None Game No. 414 Rogue 413 Adventurer 1 Explorer 0 Win Type - Total 136 Types 33/12/21/4/2/1/58/3/2 Lore% 96 Gallery% 98 Achievement% 92 Wizard Run 0 Options --------- ASCII 1 Keyboard 1 Movement Numpad Keybinds 0 Fullscreen 0 Font 18/Smallcaps Map View 76x50 Tactical HUD 1 Map Filters NONE Filters NONE Steam 1 RUN: b247fe02-ad9e-43ef-b284-fd341898cd4c